 Dungeon Crawl Stone Soup version 0.24.0-1-gfbc8707122 (webtiles) character file.

Game seed: 1315723559844486920, levelgen mode: deterministic

109 Chaositek the Slasher (level 4, -5/33 HPs)
             Began as a Vampire Gladiator on Oct 28, 2019.
             Killed by divine providence
             ... invoked by an orc priest
              (17 damage)
             ... on level 4 of the Dungeon.
             The game lasted 00:06:12 (2013 turns).

Chaositek the Slasher (Vampire Gladiator)           Turns: 2013, Time: 00:06:12

Health: -5/33      AC: 10    Str: 14    XL:     4   Next: 60%
Magic:  4/4        EV: 12    Int: 10    God:
Gold:   88         SH:  0    Dex: 15    Spells: 3/3 levels left

rFire    . . .     SeeInvis +   a - +0 long sword
rCold    . . .     Gourm    .   (no shield)
rNeg     . . .     Faith    .   l - +0 ring mail
rPois    .         Spirit   .   u - +1 hat
rElec    .         Reflect  .   h - +0 cloak
rCorr    .         Harm     .   y - +1 pair of gloves
MR       .....                  q - +0 pair of boots
Stlth    +.........             (no amulet)
HPRegen  0.31/turn              (no ring)
MPRegen  0.09/turn              (no ring)

@: regenerating quickly
A: no food, fangs 3, see invisible, unbreathing
a: Exsanguinate


You were on level 4 of the Dungeon.
You were alive.

You visited 1 branch of the dungeon, and saw 4 of its levels.

You collected 88 gold pieces.

Inventory:

Hand Weapons
 a - a +0 long sword (weapon)
Missiles
 d - 2 throwing nets (quivered)
Armour
 b - a +0 leather armour
 c - a +0 helmet
 h - a +0 cloak (worn)
 l - a +0 ring mail (worn)
 q - a +0 pair of boots (worn)
 u - a +1 hat (worn)
 y - a +1 pair of gloves (worn)
Jewellery
 f - a cursed ring of teleportation {unknown}
Wands
 s - a wand of polymorph (5)
 w - a wand of paralysis (1)
Scrolls
 e - a scroll of remove curse
 g - a scroll of teleportation {unknown}
 i - 6 scrolls of identify {unknown}
 n - a scroll of magic mapping {unknown}
 p - a scroll of immolation {unknown}
 t - a scroll of enchant armour {unknown}
 x - 4 scrolls of amnesia {unknown}
Potions
 j - a potion of agility {unknown}
 k - a potion of flight
 m - a potion of heal wounds {unknown}
 o - a potion of degeneration {unknown}
 r - a potion of curing {unknown}
 v - a potion of experience {unknown}


   Skills:
 + Level 2.0 Fighting
 + Level 4.5 Long Blades
 + Level 1.7 Throwing
 + Level 0.6 Armour
 + Level 4.0 Dodging
 + Level 0.3 Stealth


You had 3 spell levels left.
You didn't know any spells.
Your spell library was empty.

Dungeon Overview and Level Annotations

Branches:
Dungeon (4/15)
 Temple: D:4-7

Altars:
Vehumet


Innate Abilities, Weirdness & Mutations

You do not eat.
Your natural rate of healing is unusually fast.
You have razor-sharp teeth.
You have supernaturally acute eyesight. (SInv)
You can survive without breathing.


Message History

The centaur skeleton is heavily damaged.
The centaur skeleton hits you.
You closely miss the orc. The centaur skeleton hits you.
The orc priest hits you but does no damage.
The orc hits you but does no damage. The centaur skeleton hits you.
You closely miss the orc priest.
The orc priest is severely wounded.
The orc priest misses you.
You riposte.
You barely miss the orc priest.
The orc priest is severely wounded.
The centaur skeleton barely misses you. The orc hits you but does no damage.
The orc priest hits you but does no damage.
You barely miss the orc priest.
The orc priest is severely wounded.
The centaur skeleton barely misses you. The orc barely misses you.
You riposte.
You hit the orc. You bite the orc.
You kill the orc!
The orc priest calls down the wrath of Beogh upon you.
Beogh smites you!
Ouch! That really hurt!
You die...

######### #
#######.#.#.#o#.#.#.#
.............@o......
####.#.#.#.#Z#.#.#.#
#..<.....o....
#.#.#.#.#.#.#.#
#...............
#.#.#.#.#.#.#.#.#
#.......####### #
#########


You could see an orc priest, 2 orcs and a centaur skeleton.

Vanquished Creatures
  2 gnolls (D:3)
  2 worms
  3 dart slugs
  3 leopard geckos
  3 orcs
  10 goblins
  8 hobgoblins
  4 jackals (D:3)
  2 quokkas
  6 bats
  3 frilled lizards
  6 kobolds
  20 rats
72 creatures vanquished.

Notes
Turn   | Place    | Note
-------+----------+-------------------------------------------
     0 | D:1      | Chaositek the Vampire Gladiator began the quest for the
                  | Orb.
     0 | D:1      | Reached XP level 1. HP: 16/16 MP: 1/1
   141 | D:1      | Reached XP level 2. HP: 22/22 MP: 2/2
   621 | D:2      | Reached XP level 3. HP: 18/27 MP: 3/3
  1316 | D:3      | Found a radiant altar of Vehumet.
  1419 | D:3      | Reached XP level 4. HP: 33/33 MP: 4/4
  1432 | D:3      | Paralysed by a gnoll for 7 turns
  2013 | D:4      | Killed from afar by an orc priest

Levels and vault maps discovered:
D:1:      dpeg_arrival_radiant, layout_loops_ring
D:2:      layout_loops_ring, first_ration
D:3:      layout_rooms, fiery_altar_vehumet, minmay_rat_hole
D:4:      layout_rooms, grunt_ministairs_7, st_stairs_12,
          minmay_fire_ice_demons, uniq_grinder

Skill      XL: |  1  2  3 |
---------------+----------+-----
Dodging        | 4 |  4.0
Fighting       | 2 |  2.0
Long Blades    | 4 |  4.5
Throwing       | |  1.7
Armour         | |  0.6
Stealth        | |  0.3

Action                   |  1- 3 |  4- 6 || total
-------------------------+-------+-------++-------
Melee: Long sword        |   103 |    67 ||   170
       Bite              |    10 |     6 ||    16
Throw: Throwing net      |     1 |       ||     1
Evoke: Wand              |       |     2 ||     2
  Use: Scroll            |       |     1 ||     1
       Potion            |       |     1 ||     1
Armor: Leather armour    |    15 |       ||    15
       Ring mail         |    19 |    27 ||    46
Dodge: Dodged            |    68 |    47 ||   115
       Rpst.: Long sword |    23 |    12 ||    35
